[Event "Titled Tuesday Blitz July 25 Early 2023"]
[White "Shubenkova, Veronika"]
[Black "Panesar Vedant"]
[WhiteFideId "44124040"]
[BlackFideId "35033018"]
[WhiteElo "2502"]
[BlackElo "2709"]
[Result "0-1"]
[Round "9"]
[TimeControl "180+2"]
[Date "2023.07.25"]
[WhiteClock "0:01:14"]
[BlackClock "0:00:21"]
[Board "67"]

1. e4 e5 2. Nf3 Nf6 3. Nxe5 d6 4. Nf3 Nxe4 5. d3 Nf6 6. d4 d5 7. Bd3 c5 8. c3 Nc6 9. O-O cxd4 10. cxd4 Be7 11. Nc3 O-O 12. a3 Bg4 13. Be3 h6 14. b4 Rc8 15. Rc1 Re8 16. h3 Bh5 17. g4 Bg6 18. Bxg6 fxg6 19. Qd3 g5 20. Rfe1 Rf8 21. Ne5 Bd6 22. f4 gxf4 23. Bxf4 Nxg4 24. Nxc6 Rxc6 25. Bxd6 Nf2 26. Qg3 Rxd6 27. Rc2 Rdf6 28. Qg2 Rf3 29. Rxf2 Rxf2 30. Qxd5+ Qxd5 31. Nxd5 Rd2 32. Ne7+ Kf7 33. Nf5 Kg6 34. Ne7+ Kh7 35. d5 Rf3 36. Rf1 Rg3+ 37. Kh1 Rxh3+ 38. Kg1 Rg3+ 39. Kh1 Rxa3 40. Re1 Rad3 41. b5 a6 42. bxa6 bxa6 43. Ra1 Rd1+ 44. Rxd1 Rxd1+ 45. Kg2 g5 46. Kf3 Kg7 47. Ke2 Kf7 48. Nf5 Rxd5 49. Nxh6+ Ke6 50. Ke3 a5 51. Ng4 a4 52. Nf2 a3 53. Nd3 Rxd3+ 54. Kxd3 a2 0-1


[Site "https://www.chess.com"]

[Event "Titled Tuesday Blitz July 25 Early 2023"]
[White "Weetik, Vjacheslav"]
[Black "Roberson, Peter T"]
[WhiteFideId "4153472"]
[BlackFideId "412384"]
[WhiteElo "2676"]
[BlackElo "2498"]
[Result "1-0"]
[Round "9"]
[TimeControl "180+2"]
[Date "2023.07.25"]
[WhiteClock "0:00:06"]
[BlackClock "0:00:00"]
[Board "68"]

1. d4 Nf6 2. c4 c5 3. d5 e6 4. Nc3 exd5 5. cxd5 d6 6. e4 g6 7. h3 Bg7 8. Bd3 O-O 9. Nf3 b5 10. Bxb5 Nxe4 11. Nxe4 Qa5+ 12. Nfd2 Qxb5 13. Nxd6 Qa6 14. N2c4 Nd7 15. O-O Ne5 16. Nxe5 Bxe5 17. Nxc8 Raxc8 18. Qf3 Qf6 19. Qxf6 Bxf6 20. Rb1 Rfd8 21. b3 Rxd5 22. Be3 c4 23. bxc4 Rxc4 24. Bh6 Rc8 25. Rb7 Rh5 26. Be3 Ra5 27. Rd1 Rxa2 28. Rdd7 Rf8 29. Bxa7 Be5 30. g4 Rc2 31. Be3 h5 32. gxh5 gxh5 33. Rd5 Rc7 34. Rxc7 Bxc7 35. Rxh5 f6 36. Kg2 Ra8 37. Rb5 Rb8 38. Rd5 Rd8 39. Rf5 Kg7 40. h4 Kg6 41. Rb5 Rd7 42. h5+ Kf7 43. Kf3 Re7 44. Kg4 Be5 45. f4 Bd6 46. Bd2 Re4 47. Rd5 Ke6 48. Rd3 f5+ 49. Kf3 Be7 50. Rb3 Kf7 51. Rb5 Rd4 52. Be3 Rd3 53. Rxf5+ Ke6 54. Re5+ Kf6 55. Ke4 Rb3 56. Bd4 Rb4 57. Rb5+ Rxd4+ 58. Kxd4 Bd6 59. Ke4 1-0


[Site "https://www.chess.com"]

[Event "Titled Tuesday Blitz July 25 Early 2023"]
[White "Yeritsyan, Hayk"]
[Black "Mohammad Fahad, Rahman"]
[WhiteFideId "13307320"]
[BlackFideId "10207791"]
[WhiteElo "2492"]
[BlackElo "2666"]
[Result "0-1"]
[Round "9"]
[TimeControl "180+2"]
[Date "2023.07.25"]
[WhiteClock "0:00:04"]
[BlackClock "0:00:14"]
[Board "69"]

1. c4 c6 2. Nf3 Nf6 3. g3 d5 4. cxd5 cxd5 5. Bg2 Nc6 6. O-O Bf5 7. b3 e6 8. Bb2 h6 9. d3 Be7 10. Nbd2 O-O 11. a3 Rc8 12. b4 Re8 13. Nb3 b6 14. Rc1 Bg6 15. Rc2 Bd6 16. Qa1 e5 17. Rfc1 Qd7 18. Nxe5 Bxe5 19. Bxe5 Nxe5 20. Rxc8 Rxc8 21. Rxc8+ Qxc8 22. Qxe5 Qc2 23. Nd4 Qc1+ 24. Bf1 Qxa3 25. Nc6 a5 26. Qb8+ Kh7 27. Qxb6 a4 28. Qa5 Qb3 29. b5 a3 30. b6 a2 31. Qa7 Qb1 32. b7 Nd7 33. Ne5 Nb8 34. Qxb8 a1=Q 35. Kg2 Qxf1+ 36. Kf3 Qh1+ 37. Ke3 Qac1+ 38. Kd4 Qhe1 39. Qa7 Qxf2+ 40. Kxd5 Qxa7 0-1


[Site "https://www.chess.com"]

[Event "Titled Tuesday Blitz July 25 Early 2023"]
[White "Estrada Nieto, Julian"]
[Black "Shuvalova, Polina"]
[WhiteFideId "5101018"]
[BlackFideId "24171760"]
[WhiteElo "2471"]
[BlackElo "2659"]
[Result "0-1"]
[Round "9"]
[TimeControl "180+2"]
[Date "2023.07.25"]
[WhiteClock "0:00:07"]
[BlackClock "0:00:44"]
[Board "70"]

1. e4 c6 2. d4 d5 3. exd5 cxd5 4. c3 Nc6 5. Bf4 Nf6 6. Nf3 Bg4 7. Nbd2 e6 8. Qb3 Qd7 9. Bb5 Bxf3 10. Nxf3 Bd6 11. Ne5 Qc7 12. O-O O-O 13. Bxc6 bxc6 14. Bg3 Rab8 15. Qc2 c5 16. Nf3 Bxg3 17. hxg3 Rfc8 18. Rad1 a5 19. Qe2 Ne4 20. Rfe1 c4 21. Ne5 Rb6 22. Nxc4 Qxc4 23. Qxc4 Rxc4 24. Re2 g6 25. g4 Rc7 26. f3 Nd6 27. Kh2 Rcb7 28. b3 Rc7 29. Rd3 Rbc6 30. Ree3 Nb5 31. c4 dxc4 32. bxc4 Rxc4 33. d5 exd5 34. Rxd5 R4c5 35. Ree5 Rxd5 36. Rxd5 Rb7 37. a4 Nc3 38. Rxa5 Rb4 39. Ra8+ Kg7 40. a5 Ra4 41. g5 h5 42. a6 Nd5 43. Kg3 Nc7 44. Rc8 Nxa6 45. Rc6 Ra5 46. f4 Nc5 47. Kh4 Ne6 48. g3 Ra3 49. Rd6 Ra1 50. Kh3 Rh1+ 51. Kg2 Rc1 52. Rd7 Rc2+ 53. Kf3 Rc3+ 54. Kf2 Nc5 55. Re7 Kf8 56. Re5 Nd3+ 0-1


[Site "https://www.chess.com"]

[Event "Titled Tuesday Blitz July 25 Early 2023"]
[White "Nagare Kaivalya Sandip"]
[Black "Rietze, Clemens, Dr."]
[WhiteFideId "25957929"]
[BlackFideId "24620351"]
[WhiteElo "2652"]
[BlackElo "2476"]
[Result "1-0"]
[Round "9"]
[TimeControl "180+2"]
[Date "2023.07.25"]
[WhiteClock "0:01:42"]
[BlackClock "0:00:10"]
[Board "71"]

1. e4 c5 2. Nf3 Nc6 3. d4 cxd4 4. Nxd4 Nf6 5. Nc3 d6 6. Bg5 e6 7. Qd2 a6 8. O-O-O Bd7 9. f3 Be7 10. Kb1 Rc8 11. h4 b5 12. Nxc6 Bxc6 13. Bd3 b4 14. Ne2 a5 15. Nd4 Bd7 16. g4 h5 17. gxh5 Rxh5 18. Ne2 Qb6 19. Ng3 Rh8 20. Be3 Qb7 21. h5 a4 22. Qe2 Ra8 23. Rdg1 b3 24. cxb3 axb3 25. a3 Bc6 26. Nf1 Bf8 27. Nd2 d5 28. Bd4 dxe4 29. Nxe4 Nxe4 30. Bxe4 Bxe4+ 31. Qxe4 Qxe4+ 32. fxe4 Ra4 33. Bxg7 Bxg7 34. Rxg7 Rxe4 35. Rf1 Rxh5 36. Rgxf7 Rhe5 37. Rf8+ Ke7 38. R1f7+ Kd6 39. Rd8+ Kc5 40. Rc7+ Kb6 41. Rc1 Re1 42. Rb8+ Ka7 43. Rxb3 Rxc1+ 44. Kxc1 Rd5 45. Re3 e5 46. Kc2 Kb6 47. Kc3 Kc5 48. b4+ Kb5 49. Kb3 Kc6 50. a4 Kd6 51. a5 Rd1 52. Kc4 Rc1+ 53. Kb5 Kd5 54. a6 Ra1 55. Rd3+ Ke6 56. Kb6 e4 57. Rc3 Kd5 58. b5 Kd4 59. Rh3 e3 60. Rxe3 Kxe3 61. Ka7 Kd4 62. b6 Kc5 63. b7 Rb1 64. b8=Q 1-0


[Site "https://www.chess.com"]

[Event "Titled Tuesday Blitz July 25 Early 2023"]
[White "Devaev, Alexander"]
[Black "Arat, Ufuk Sezen"]
[WhiteFideId "4169395"]
[BlackFideId "6309089"]
[WhiteElo "2469"]
[BlackElo "2624"]
[Result "1/2-1/2"]
[Round "9"]
[TimeControl "180+2"]
[Date "2023.07.25"]
[WhiteClock "0:00:15"]
[BlackClock "0:00:06"]
[Board "72"]

1. d4 Nf6 2. c4 e6 3. Nf3 b6 4. a3 Bb7 5. Nc3 d5 6. Bg5 Be7 7. Bxf6 Bxf6 8. cxd5 exd5 9. Qb3 O-O 10. Rd1 c6 11. e3 Nd7 12. Bd3 Re8 13. O-O a5 14. Bb1 b5 15. Qc2 g6 16. Rfe1 Rc8 17. e4 b4 18. axb4 axb4 19. Na4 dxe4 20. Rxe4 c5 21. Rxe8+ Qxe8 22. Nxc5 Bxf3 23. gxf3 Bxd4 24. Rxd4 Qe1+ 25. Kg2 Rxc5 26. Qd2 Qxd2 27. Rxd2 Ne5 28. Ba2 Ra5 29. Bb3 g5 30. Rd4 Rb5 31. f4 gxf4 32. Rxf4 Kg7 33. Kg3 f6 34. Rd4 Rb7 35. f4 Nc6 36. Rd5 Re7 37. Kf3 Re1 38. Ba4 Ne7 39. Rd7 Kh6 40. Kf2 Ra1 41. Bc2 Ng6 42. Kg3 Ra2 43. Rc7 Rxb2 44. h4 b3 45. Bf5 Rd2 46. h5 b2 47. Rb7 Nf8 48. Kf3 Nd7 49. Bxd7 Rxd7 50. Rxb2 Kxh5 51. Rb5+ Kg6 52. Kg4 Re7 53. Rc5 Re1 54. f5+ Kh6 55. Rc6 Rg1+ 56. Kf4 Rf1+ 57. Kg4 Rg1+ 58. Kf4 Kg7 59. Rc7+ Kf8 60. Rxh7 Rf1+ 61. Ke4 Re1+ 62. Kf4 Re5 63. Rb7 Ra5 64. Kg4 Re5 65. Rb6 Kf7 66. Rb7+ Kf8 67. Ra7 Rd5 68. Rc7 Re5 69. Rb7 Ra5 70. Rc7 Re5 71. Rc8+ Kf7 72. Rc6 Rd5 73. Rc7+ Kf8 74. Rb7 Re5 1/2-1/2


[Site "https://www.chess.com"]

[Event "Titled Tuesday Blitz July 25 Early 2023"]
[White "Dinu, Dumitru-Daniel"]
[Black "Mamedov, Edgar"]
[WhiteFideId "1208403"]
[BlackFideId "13739980"]
[WhiteElo "2469"]
[BlackElo "2612"]
[Result "0-1"]
[Round "9"]
[TimeControl "180+2"]
[Date "2023.07.25"]
[WhiteClock "0:00:00"]
[BlackClock "0:00:07"]
[Board "73"]

1. d4 d5 2. c4 e6 3. Nc3 Nf6 4. cxd5 exd5 5. Bg5 c6 6. e3 Bd6 7. Bd3 O-O 8. Qc2 h6 9. Bh4 Re8 10. Nge2 a5 11. O-O Bxh2+ 12. Kxh2 Ng4+ 13. Kg3 g5 14. Bf5 gxh4+ 15. Kh3 h5 16. Nf4 Rxe3+ 17. fxe3 Nxe3 18. Qe2 Bxf5+ 19. Kh2 Nxf1+ 20. Rxf1 Bg4 21. Qe3 Nd7 22. Nd3 Nf8 23. Ne5 Be6 24. Qh6 Nh7 25. Qxh5 Qg5 26. Qf3 f6 27. Nd3 Re8 28. Re1 Bf7 29. Rxe8+ Bxe8 30. Nc5 b6 31. Ne6 Qd2 32. Qg4+ Ng5 33. Nxg5 Qxg5 34. Qc8 Qf4+ 35. Kh1 Qc1+ 36. Kh2 Qf4+ 37. Kh1 Kf8 38. Qe6 Qc1+ 39. Kh2 Qf4+ 40. Kh1 Qxd4 41. Ne2 Qe5 42. Qg4 Bh5 43. Qc8+ Kg7 44. Qd7+ Bf7 45. Qg4+ Qg5 46. Qf3 c5 47. Nf4 d4 48. Nh3 Qc1+ 49. Kh2 Qe3 50. Qg4+ Kf8 51. Qc8+ Be8 52. Qg4 d3 53. Nf4 d2 54. Ne6+ Ke7 55. Ng7 Bd7 56. Qd1 Qf4+ 57. Kh1 Qe3 58. Kh2 Qe5+ 59. Kh1 Qe1+ 0-1


[Site "https://www.chess.com"]

[Event "Titled Tuesday Blitz July 25 Early 2023"]
[White "Valgmae, Toomas"]
[Black "Nurgaliyeva, Zarina"]
[WhiteFideId "4502523"]
[BlackFideId "13730096"]
[WhiteElo "2446"]
[BlackElo "2612"]
[Result "1-0"]
[Round "9"]
[TimeControl "180+2"]
[Date "2023.07.25"]
[WhiteClock "0:01:10"]
[BlackClock "0:00:00"]
[Board "74"]

1. d4 Nf6 2. c4 e6 3. Nc3 Bb4 4. Qc2 d5 5. a3 Bxc3+ 6. Qxc3 c5 7. dxc5 d4 8. Qc2 e5 9. e4 O-O 10. b4 a5 11. Rb1 axb4 12. axb4 Bd7 13. Bd3 Ba4 14. Qe2 Nc6 15. Nf3 Nd7 16. O-O Re8 17. Bd2 Ne7 18. Ra1 Ng6 19. g3 Ndf8 20. Rfb1 Bd7 21. Kg2 Rxa1 22. Rxa1 Qc8 23. Ne1 Bh3+ 24. Kg1 h5 25. f3 h4 26. Nc2 f5 27. exf5 Bxf5 28. Re1 hxg3 29. hxg3 Bxd3 30. Qxd3 Qh3 31. f4 e4 32. Rxe4 Rxe4 33. Qxe4 Qxg3+ 34. Kf1 Qh3+ 35. Ke2 d3+ 36. Qxd3 Qg2+ 37. Kd1 Ne6 38. Qd5 Qf1+ 39. Ne1 Kf7 40. f5 Nf8 41. fxe6+ Nxe6 42. Qf3+ Qxf3+ 43. Nxf3 1-0


[Site "https://www.chess.com"]

[Event "Titled Tuesday Blitz July 25 Early 2023"]
[White "Balla, Tamas-Kristof"]
[Black "Arabidze, Meri"]
[WhiteFideId "1208497"]
[BlackFideId "13604040"]
[WhiteElo "2436"]
[BlackElo "2611"]
[Result "0-1"]
[Round "9"]
[TimeControl "180+2"]
[Date "2023.07.25"]
[WhiteClock "0:00:04"]
[BlackClock "0:00:07"]
[Board "75"]

1. e4 c5 2. c3 d5 3. exd5 Qxd5 4. d4 Nc6 5. Nf3 Bg4 6. Be2 e6 7. Be3 Nf6 8. h3 Bh5 9. O-O cxd4 10. cxd4 Bb4 11. Nc3 Bxc3 12. bxc3 O-O 13. c4 Qd7 14. Qd3 Rfd8 15. Rfd1 Rac8 16. Rac1 b6 17. Bg5 Bxf3 18. Bxf3 Nxd4 19. Bxf6 gxf6 20. Qe4 f5 21. Qf4 Nxf3+ 22. Qxf3 Qc7 23. Qe3 Qe7 24. Qg3+ Kh8 25. Re1 Qf6 26. Rc3 Rg8 27. Qf3 Rg6 28. g3 Rcg8 29. Kh2 Qg5 30. c5 bxc5 31. Rxc5 Qd2 32. Re2 Qd4 33. Rc7 R6g7 34. Rb7 a5 35. Rc2 Qf6 36. Rb3 e5 37. Rc6 Qg5 38. h4 Qg4 39. Qxg4 Rxg4 40. Rb5 f4 41. Rxe5 fxg3+ 42. fxg3 Rxg3 43. Rxa5 Rg2+ 44. Kh1 Rg1+ 45. Kh2 R1g2+ 46. Kh1 R2g4 47. Rh5 Rg1+ 48. Kh2 R1g2+ 49. Kh1 Rxa2 50. Rf6 Kg7 51. Rfh6 Ra1+ 52. Kh2 Kf8 53. Rxh7 Ra2+ 54. Kh1 Ra1+ 55. Kh2 Ra2+ 56. Kh1 Ra3 57. Rh8 Rh3# 0-1


[Site "https://www.chess.com"]

[Event "Titled Tuesday Blitz July 25 Early 2023"]
[White "Pandey Srishti"]
[Black "Gamayev, Oleg"]
[WhiteFideId "35093290"]
[BlackFideId "2802813"]
[WhiteElo "2434"]
[BlackElo "2591"]
[Result "1/2-1/2"]
[Round "9"]
[TimeControl "180+2"]
[Date "2023.07.25"]
[WhiteClock "0:00:21"]
[BlackClock "0:00:20"]
[Board "76"]

1. e4 d6 2. d4 Nf6 3. Nc3 e5 4. dxe5 dxe5 5. Qxd8+ Kxd8 6. f3 Nfd7 7. Be3 c6 8. O-O-O Kc7 9. Nge2 Bc5 10. Bxc5 Nxc5 11. b4 Ncd7 12. a3 a5 13. Kb2 axb4 14. axb4 Nb6 15. Nc1 Be6 16. Nb3 N8d7 17. Nc5 Nxc5 18. bxc5 Na4+ 19. Nxa4 Rxa4 20. Be2 Ra5 21. Ra1 Rxc5 22. Rhd1 f6 23. Ra7 Bc8 24. c4 Kb8 25. Ra3 Be6 26. Kc3 Bxc4 27. Bxc4 b6 28. Kb4 Rc8 29. Rd7 Rc7 30. Rxc7 Kxc7 31. Ra7+ Kd6 32. Rxg7 b5 33. Bb3 Rc1 34. Rxh7 Rb1 35. Kc3 c5 36. Rf7 c4 37. Bc2 Rg1 38. Rxf6+ Kc5 39. Rg6 b4+ 40. Kd2 Rf1 41. Bd1 b3 42. Re6 Kb4 43. Rb6+ Kc5 44. Rb8 Rf2+ 45. Ke3 Rxg2 46. Bxb3 cxb3 47. Rxb3 Rxh2 48. Rd3 Rh5 49. Rd5+ Kc6 50. Kf2 Rg5 51. Kf1 Kc7 52. Kf2 Kc6 53. Kf1 Kc7 54. Ke2 Kc6 55. Ke3 Kc7 56. Kd2 Kc6 57. Ke1 Kc7 58. Kf2 Kc6 1/2-1/2


[Site "https://www.chess.com"]

[Event "Titled Tuesday Blitz July 25 Early 2023"]
[White "Eggleston, Thomas A"]
[Black "Trifan, Andrei Ioan"]
[WhiteFideId "412139"]
[BlackFideId "12967068"]
[WhiteElo "2420"]
[BlackElo "2576"]
[Result "1-0"]
[Round "9"]
[TimeControl "180+2"]
[Date "2023.07.25"]
[WhiteClock "0:00:15"]
[BlackClock "0:00:10"]
[Board "77"]

1. e4 e5 2. Nf3 Nc6 3. d4 exd4 4. Nxd4 Nf6 5. Nc3 Bb4 6. Nxc6 bxc6 7. Bd3 d5 8. exd5 cxd5 9. O-O O-O 10. h3 h6 11. Qf3 c6 12. Bf4 Bd6 13. Rfe1 Rb8 14. Rab1 Be6 15. Ne2 c5 16. Ng3 Bxf4 17. Qxf4 Rb4 18. Qf3 Qb8 19. b3 Rf4 20. Qe3 Qd6 21. c3 Rd8 22. Qe5 c4 23. Bf1 cxb3 24. axb3 Ne4 25. Qxd6 Rxd6 26. Nxe4 dxe4 27. c4 Rd2 28. Re2 Rxe2 29. Bxe2 Rf5 30. b4 Re5 31. c5 f5 32. Ra1 f4 33. Rxa7 f3 34. Bf1 Rd5 35. Re7 Bf5 36. Bc4 1-0


[Site "https://www.chess.com"]

[Event "Titled Tuesday Blitz July 25 Early 2023"]
[White "Kayis, Gulcan Sena"]
[Black "Richter, Nils"]
[WhiteFideId "34553045"]
[BlackFideId "12990809"]
[WhiteElo "2401"]
[BlackElo "2573"]
[Result "0-1"]
[Round "9"]
[TimeControl "180+2"]
[Date "2023.07.25"]
[WhiteClock "0:00:22"]
[BlackClock "0:00:29"]
[Board "78"]

1. e4 Nc6 2. Nc3 d6 3. d4 Nf6 4. Nf3 g6 5. Be3 Bg7 6. Bc4 O-O 7. O-O Bg4 8. h3 Bxf3 9. Qxf3 Nd7 10. Rad1 e5 11. d5 Ne7 12. Bb3 h6 13. Qe2 f5 14. f4 exf4 15. Bxf4 g5 16. Bd2 f4 17. Kh2 Ng6 18. Be1 Be5 19. Kh1 Nf6 20. Nb5 Rf7 21. c3 h5 22. Nd4 g4 23. Ne6 Qe7 24. Bc2 Rh7 25. Kg1 Kh8 26. a4 Rg8 27. Kh1 gxh3 28. gxh3 h4 29. Rg1 Nh5 30. Ng5 Rh6 31. Nf3 Ng3+ 32. Bxg3 hxg3 33. Kg2 Rf8 34. Rh1 Kg7 35. Rdf1 Rfh8 36. Bd3 Qd7 37. h4 Rxh4 38. Rxh4 Rxh4 39. Nxh4 Nxh4+ 40. Kg1 Qh3 41. Rf3 Qg4 0-1


[Site "https://www.chess.com"]

[Event "Titled Tuesday Blitz July 25 Early 2023"]
[White "LLariMarc"]
[Black "Eynullayev, Altay"]
[BlackFideId "13413562"]
[WhiteElo "2384"]
[BlackElo "2563"]
[Result "0-1"]
[Round "9"]
[TimeControl "180+2"]
[Date "2023.07.25"]
[WhiteClock "0:02:07"]
[BlackClock "0:01:56"]
[Board "79"]

1. d4 Nf6 2. Nf3 e6 3. Bg5 d5 4. e3 Be7 5. Nbd2 O-O 6. Bd3 b6 7. O-O Ba6 8. Bxa6 Nxa6 9. Re1 h6 10. Bxf6 Bxf6 11. c3 c5 12. Qe2 Nc7 13. Rad1 Re8 14. dxc5 bxc5 15. e4 Rb8 16. e5 Be7 17. b3 Qc8 18. Qd3 Qa6 19. Qxa6 Nxa6 20. c4 Nc7 21. cxd5 exd5 22. Rc1 Red8 23. Rc2 Ne6 24. Rec1 a5 25. a4 Rb4 26. Kf1 g5 27. h3 h5 28. Re1 Kg7 29. Ng1 Kg6 30. Ne2 g4 31. hxg4 hxg4 32. g3 Bg5 33. Nc1 Nd4 34. Rb2 Bxd2 35. Rxd2 Nf3 36. Rc2 Nxe1 37. Kxe1 c4 38. bxc4 Rxc4 39. Kd2 Rdc8 40. Rxc4 Rxc4 41. Nd3 Rxa4 42. Kc3 Ra3+ 43. Kd4 a4 44. Nf4+ Kg7 45. Nxd5 Rf3 46. Kc4 a3 47. Nb4 Rxf2 48. Kb3 Rf3+ 49. Ka2 Rxg3 50. Nd5 Rf3 0-1


[Site "https://www.chess.com"]

[Event "Titled Tuesday Blitz July 25 Early 2023"]
[White "kiwibobo"]
[Black "Yurovskykh, Oleksandr"]
[BlackFideId "14134020"]
[WhiteElo "2349"]
[BlackElo "2562"]
[Result "0-1"]
[Round "9"]
[TimeControl "180+2"]
[Date "2023.07.25"]
[WhiteClock "0:00:00"]
[BlackClock "0:00:07"]
[Board "80"]

1. e4 e6 2. d4 d5 3. Nd2 dxe4 4. Nxe4 Bd7 5. Nf3 Bc6 6. Bd3 Nd7 7. O-O Ngf6 8. Ned2 Be7 9. Nc4 O-O 10. Na5 Rb8 11. Nxc6 bxc6 12. c3 c5 13. Be3 cxd4 14. Nxd4 Ne5 15. Be2 Rxb2 16. Nb3 Qxd1 17. Bxd1 Nd5 18. Bc1 Rxb3 19. axb3 Nd3 20. Bd2 Bf6 21. Rxa7 c5 22. Bc2 N3f4 23. c4 Ne2+ 24. Kh1 Ne7 25. Be3 Rc8 26. g3 Nc6 27. Ra4 Ned4 28. Be4 Nb4 29. Rfa1 Nxb3 30. Ra8 Rf8 31. Rxf8+ Kxf8 32. Rb1 Nd4 33. Ra1 g6 34. Ra8+ Ke7 35. Ra7+ Ke8 36. Rc7 Be7 37. Rb7 f5 38. Bxd4 cxd4 39. Bf3 Kf7 40. Kg2 Kf6 41. Kf1 e5 42. Rb6+ Kg7 43. Bd5 e4 44. Rb7 Kf6 45. Ke2 d3+ 46. Kd2 Bc5 47. Rc7 Bd6 48. Rd7 Ke5 49. Rxh7 Na6 50. Bb7 Bb4+ 51. Kd1 Nc5 52. Bd5 g5 53. Re7+ Kd4 54. Bg8 f4 55. gxf4 gxf4 56. h4 e3 57. fxe3+ fxe3 58. h5 Ne4 59. Rd7+ Kc3 60. Rxd3+ Kxd3 61. Bh7 e2+ 0-1


[Site "https://www.chess.com"]

[Event "Titled Tuesday Blitz July 25 Early 2023"]
[White "Ambartsumova, Karina"]
[Black "Ruge, Edison"]
[WhiteFideId "4166299"]
[BlackFideId "4401000"]
[WhiteElo "2561"]
[BlackElo "2260"]
[Result "1-0"]
[Round "9"]
[TimeControl "180+2"]
[Date "2023.07.25"]
[WhiteClock "0:00:15"]
[BlackClock "0:00:00"]
[Board "81"]

1. c4 e5 2. Nc3 Nc6 3. Nf3 f5 4. d4 e4 5. Ng5 Nf6 6. g3 Bb4 7. Bg2 h6 8. Nh3 O-O 9. Nf4 Bxc3+ 10. bxc3 g5 11. Nd5 Ne7 12. Nxe7+ Qxe7 13. h4 Qg7 14. hxg5 hxg5 15. Ba3 d6 16. Qb3 Qf7 17. O-O-O Be6 18. d5 Bc8 19. Kb1 b6 20. Bc1 Qg7 21. f3 exf3 22. exf3 Bd7 23. Qc2 Rfe8 24. Qd2 Nh7 25. Rh5 Re7 26. Rdh1 f4 27. gxf4 Bf5+ 28. Ka1 Rae8 29. Bf1 Re1 30. Bd3 Rxh1 31. Rxh1 Bxd3 32. Qxd3 gxf4 33. Bxf4 Nf6 34. Be3 Kf7 35. Bd4 Qg6 36. Qd2 Nh5 37. Rg1 Qf5 38. Qh6 1-0


[Site "https://www.chess.com"]

[Event "Titled Tuesday Blitz July 25 Early 2023"]
[White "Dehtiarov, Roman"]
[Black "Herzog2012"]
[WhiteFideId "14186640"]
[WhiteElo "2706"]
[BlackElo "2450"]
[Result "1-0"]
[Round "9"]
[TimeControl "180+2"]
[Date "2023.07.25"]
[WhiteClock "0:00:04"]
[BlackClock "0:00:00"]
[Board "82"]

1. c4 e5 2. g3 Nf6 3. Bg2 d5 4. cxd5 Nxd5 5. Nc3 Nb6 6. Nf3 Nc6 7. O-O Be7 8. a3 O-O 9. b4 Be6 10. d3 f6 11. Be3 a5 12. b5 Nd4 13. Nd2 Nd5 14. Bxd4 exd4 15. Nxd5 Bxd5 16. Bxd5+ Qxd5 17. Qb3 Rfd8 18. Rfc1 Qxb3 19. Nxb3 a4 20. Nc5 Rd5 21. Nxb7 Rxb5 22. Rxc7 Bf8 23. Rd7 Rb3 24. Nd6 Ra6 25. Nc4 Bc5 26. Rd5 Rc6 27. Kg2 Kf7 28. Kf3 Ke6 29. Rd8 Be7 30. Rxd4 Rc7 31. Re4+ Kf7 32. Rd4 Rc5 33. Rd7 Ke6 34. Rd4 Rf5+ 35. Kg2 Bc5 36. Re4+ Kf7 37. f4 g5 38. Kf3 gxf4 39. Rxf4 Rh5 40. Kg2 Rd5 41. Raf1 Bd4 42. Rf5 Rxf5 43. Rxf5 Bb2 44. Ra5 Bxa3 45. Rxa4 Be7 46. Ra7 Rc3 47. Kf3 Rc2 48. Nd6+ Ke6 49. Nc4 Rc1 50. Ra6+ Kf7 51. g4 Rf1+ 52. Kg2 Re1 53. Kf2 Rh1 54. Kg2 Re1 55. e4 Re2+ 56. Kf3 Bd8 57. Kxe2 1-0


[Site "https://www.chess.com"]

[Event "Titled Tuesday Blitz July 25 Early 2023"]
[White "Novikov, Evgenij"]
[Black "Goltsev, Dmitry"]
[WhiteFideId "4125380"]
[BlackFideId "24176710"]
[WhiteElo "2452"]
[BlackElo "2694"]
[Result "0-1"]
[Round "9"]
[TimeControl "180+2"]
[Date "2023.07.25"]
[WhiteClock "0:00:00"]
[BlackClock "0:00:18"]
[Board "83"]

1. d4 Nf6 2. Nf3 e6 3. c4 b6 4. g3 Ba6 5. Nbd2 Be7 6. Bg2 O-O 7. O-O d5 8. cxd5 exd5 9. Re1 c5 10. dxc5 bxc5 11. e3 Nc6 12. a3 Rb8 13. b3 Re8 14. Bb2 Bd3 15. Bf1 Bxf1 16. Rxf1 c4 17. Bd4 Nxd4 18. Nxd4 c3 19. N2f3 Rc8 20. Qd3 Ne4 21. Rfc1 Bc5 22. b4 Bb6 23. Rc2 Qf6 24. Rac1 g5 25. h3 h5 26. Kg2 g4 27. hxg4 hxg4 28. Nh4 Re5 29. a4 Rc4 30. a5 Bc7 31. f4 gxf3+ 32. Ndxf3 Rh5 33. Rg1 Rxb4 34. a6 Rb2 35. Rxb2 cxb2 36. Qc2 Qc3 37. Qe2 Nxg3 38. Kh3 b1=Q 39. Rxg3+ Bxg3 40. Kxg3 Qbd3 41. Qg2 Qxe3 42. Kh2+ Kf8 43. Qg4 Qxf3 0-1


[Site "https://www.chess.com"]

[Event "Titled Tuesday Blitz July 25 Early 2023"]
[White "Danielyan, Vahe"]
[Black "Manukian, Artak"]
[WhiteFideId "13304828"]
[BlackFideId "13301373"]
[WhiteElo "2631"]
[BlackElo "2446"]
[Result "1-0"]
[Round "9"]
[TimeControl "180+2"]
[Date "2023.07.25"]
[WhiteClock "0:01:13"]
[BlackClock "0:00:00"]
[Board "84"]

1. d4 c5 2. d5 e5 3. Nc3 d6 4. e4 g6 5. Be2 h5 6. Nf3 Bg4 7. a4 Nd7 8. Nd2 Ndf6 9. Nc4 a6 10. h3 Bd7 11. a5 Rb8 12. Be3 Bh6 13. Qd2 Bxe3 14. Qxe3 Bb5 15. Nxb5 axb5 16. Nb6 b4 17. O-O Kf8 18. f4 exf4 19. Rxf4 Kg7 20. Raf1 Qe7 21. Nc4 Re8 22. Bd3 h4 23. Qf2 Rh5 24. Rxh4 Rxh4 25. Qxh4 Nxd5 26. Qxe7 Ndxe7 27. Nxd6 Rf8 28. Nxb7 Nc6 29. a6 Ne5 30. Nxc5 Rc8 31. a7 Ra8 32. Ra1 Nc6 33. Ra6 Nge7 34. Bb5 Rxa7 35. Rxa7 Nxa7 36. Bd7 Kf6 37. Kf2 Ke5 38. Be8 Kd4 39. Nb3+ Kxe4 40. Bxf7 Nac6 41. Kg3 Ne5 42. Nc5+ Kd4 43. Ne6+ Ke3 44. Be8 Kd2 45. Nd4 Ke3 46. Nf3 Nf5+ 47. Kh2 Nxf3+ 48. gxf3 Ne7 49. Kg3 Kd2 50. Ba4 Kc1 51. Kf4 Kxb2 52. Ke5 1-0


[Site "https://www.chess.com"]

[Event "Titled Tuesday Blitz July 25 Early 2023"]
[White "Goryachkina, Aleksandra"]
[Black "Bendayan Claros, Aaron"]
[WhiteFideId "4147103"]
[BlackFideId "3803392"]
[WhiteElo "2618"]
[BlackElo "2441"]
[Result "1-0"]
[Round "9"]
[TimeControl "180+2"]
[Date "2023.07.25"]
[WhiteClock "0:00:56"]
[BlackClock "0:00:00"]
[Board "85"]

1. e4 c6 2. d4 d5 3. exd5 cxd5 4. Bd3 Nf6 5. h3 Nc6 6. c3 g6 7. Nf3 Bg7 8. Bf4 O-O 9. O-O Bf5 10. Be2 Re8 11. Nbd2 Ne4 12. Re1 Qb6 13. Qb3 Qxb3 14. axb3 a6 15. b4 f6 16. Bh2 Nxd2 17. Nxd2 e5 18. dxe5 fxe5 19. b5 axb5 20. Rxa8 Rxa8 21. Bxb5 Ra2 22. Bxc6 bxc6 23. Bxe5 Bxe5 24. Rxe5 Rxb2 25. Nf3 Rc2 26. Re3 c5 27. g4 Be4 28. Ng5 Rc1+ 29. Kh2 Bb1 30. Ne6 d4 31. cxd4 cxd4 32. Nxd4 Ba2 33. Kg3 Bd5 34. Kf4 Rh1 35. Ke5 Ba2 36. Kf6 Bf7 37. Ra3 Re1 38. Ra7 Bd5 39. Rd7 1-0


[Site "https://www.chess.com"]

[Event "Titled Tuesday Blitz July 25 Early 2023"]
[White "Khusenkhojaev, Muhammad"]
[Black "Pershina, Elena"]
[WhiteFideId "14700247"]
[BlackFideId "24147516"]
[WhiteElo "2600"]
[BlackElo "2441"]
[Result "1-0"]
[Round "9"]
[TimeControl "180+2"]
[Date "2023.07.25"]
[WhiteClock "0:01:10"]
[BlackClock "0:00:10"]
[Board "86"]

1. e4 c5 2. Nf3 Nc6 3. d4 cxd4 4. Nxd4 Nf6 5. Nc3 e5 6. Ndb5 d6 7. Nd5 Nxd5 8. exd5 Nb8 9. a4 Be7 10. Be2 Nd7 11. Be3 O-O 12. Nxa7 Rxa7 13. Bxa7 Qa5+ 14. Qd2 Qxa7 15. O-O f5 16. b4 Nf6 17. c4 Bd7 18. a5 Ne4 19. Qb2 Bf6 20. Ra3 f4 21. Bd3 Ng5 22. Qc2 g6 23. h4 Nf7 24. h5 Kg7 25. hxg6 hxg6 26. Bxg6 Rh8 27. Bf5 Bxf5 28. Qxf5 Qd4 29. b5 Qxc4 30. a6 bxa6 31. bxa6 Qxd5 32. a7 Ng5 33. Rb1 Qa8 34. Rab3 Qxa7 35. Rb7+ 1-0


[Site "https://www.chess.com"]